cohdb
Replays
Latest Replays
All Replays
Popular Replays
Top Player Replays
Match Explorer
How It Works
Community
CoH3 Stats
Reddit
Sign in to upload your games and track your stats! →
Sign in with Steam
Match 42623361
Unlisted
Match 42623361
Overview
Messages
Build Orders
End
Kettenkrad Recon Vehicle
Construct Infanterie Kompanie
Pioneer Squad
Selects Terror Battlegroup
Selects Machine Gun Camouflage
MG 42 Machine Gun Team
Grenadier Squad
Grenadier Squad
Grenadier Squad
Infanterie Officer Quarters
Pioneer Squad
Construct Panzergrenadier Kompanie
Selects Contempt for the Weak
Cookie Addict
Sgannarel
~TAB~ THUND3RCHUNKY
엽하
0
0
Comments
sign in to comment!
No comments posted yet!